 Dungeon Crawl Stone Soup version 0.24-a0-493-g7e4ddcd485 (webtiles) character file.

Game seed: 10345082613939965091

30 Froggeryz the Ruffian (level 3, -2/51 HPs)
             Began as a Naga Chaos Knight on July 12, 2019.
             Was a Plaything of Xom.
             Slain by a shadow imp (4 damage)
             ... summoned by Natasha
             ... on level 2 of the Dungeon.
             The game lasted 00:01:45 (619 turns).

Froggeryz the Ruffian (Naga Chaos Knight)            Turns: 619, Time: 00:01:46

Health: -2/51      AC:  4    Str: 17 (19) XL:     3   Next: 18%
Magic:  3/3        EV:  9    Int: 16 (17) God:    Xom [..*...]
Gold:   46         SH:  0    Dex: 10 (11) Spells: 2/2 levels left

rFire    . . .     SeeInvis +     - Unarmed
rCold    . . .     Gourm    .   (no shield)
rNeg     . . .     Faith    .   a - +2 leather armour
rPois    +         Spirit   .   (no helmet)
rElec    .         Reflect  .   (no cloak)
rCorr    .         Harm     .   (no gloves)
MR       .....                  (no barding)
Stlth    ..........             (no amulet)
HPRegen  0.17/turn              (no ring)
MPRegen  0.08/turn              (no ring)

@: brilliant, berserking, flying, slowed, very slow
A: large, see invisible, deformed body, poison resistance, slowness 2, slow
metabolism 1, spit poison 1, AC +1
a: Spit Poison, Renounce Religion


You were on level 2 of the Dungeon.
You worshipped Xom.
You were a toy of Xom.
You were not hungry.

You visited 1 branch of the dungeon, and saw 2 of its levels.

You collected 46 gold pieces.

Inventory:

Armour
 a - a +2 leather armour (worn)
Jewellery
 i - a +3 ring of evasion {unknown}
Scrolls
 c - a scroll of enchant armour {unknown}
 f - a scroll of identify {unknown}
 h - 2 scrolls of amnesia {unknown}
Comestibles
 b - 3 rations


   Skills:
 + Level 3.4 Fighting
 - Level 1.5 Armour
 - Level 0.7 Dodging
 * Level 3.9 Unarmed Combat


You had 2 spell levels left.
You didn't know any spells.
Your spell library was empty.

Dungeon Overview and Level Annotations

Branches:
Dungeon (2/15)

Altars:

Annotations:
D:2 Natasha


Innate Abilities, Weirdness & Mutations

You cannot wear boots.
Your serpentine skin is tough. (AC +1)
You have supernaturally acute eyesight. (SInv)
Armour fits poorly on your strangely shaped body.
Your system is resistant to poisons. (rPois)
You cover ground very slowly.
You have a slow metabolism.
You can spit poison.


Message History

You have got your breath back.
Natasha claws you.
* * * LOW HITPOINT WARNING * * *
The crimson imp blinks!
The shadow imp hits you but does no damage.
Natasha closely misses you.
It was a potion of berserk rage.
A red film seems to cover your vision as you go berserk!
You feel yourself moving faster!
You feel mighty! The shadow imp hits you.
* * * LOW HITPOINT WARNING * * *
Natasha claws you.
* * * LOW HITPOINT WARNING * * *
The shadow imp closely misses you.
Unknown command.
Unknown command.
You closely miss Natasha. Natasha claws you.
* * * LOW HITPOINT WARNING * * *
You barely miss Natasha. The shadow imp hits you.
You die...
Xom snickers!

#.#.#
##...####
####.......#
+.......##<#
####...###.#
##.####.#
#...##.#
#...5..#
###@#### #h#
#5# #.# #.#
#5# #.# #.#


You could see an iron imp, Natasha, a crimson imp and a shadow imp.

Vanquished Creatures
  2 oozes (D:1)
  A dart slug (D:1)
  A giant cockroach (D:1)
  4 goblins (D:1)
  2 hobgoblins (D:1)
  2 kobolds (D:1)
  3 bats (D:1)
  A frilled lizard (D:1)
  3 rats
19 creatures vanquished.

Notes
Turn   | Place    | Note
-------+----------+-------------------------------------------
     0 | D:1      | Froggeryz the Naga Chaos Knight began the quest for the
                  | Orb.
     0 | D:1      | Reached XP level 1. HP: 21/21 MP: 1/1
   138 | D:1      | Reached XP level 2. HP: 28/28 MP: 2/2
   400 | D:1      | Reached XP level 3. HP: 29/34 MP: 3/3
   448 | D:1      | XOM: cast spell 'Leda's Liquefaction'
   604 | D:2      | Noticed Natasha
   618 | D:2      | HP: 2/51 [Natasha (6)]
   619 | D:2      | Slain by a shadow imp

Levels and vault maps discovered:
D:1:      dpeg_arrival_rooms_with_view, layout_loops_ring, minmay_tromino_mix6
D:2:      layout_loops_corners, first_ration, uniq_robin, uniq_natasha,
          uniq_sigmund

Action                   || total
-------------------------++-------
Melee: Unarmed           ||    66
       Punch             ||     2
 Abil: Spit Poison       ||     2
  Use: Potion            ||     5
Armor: Leather armour    ||    20
Dodge: Dodged            ||    36

Table legend:
 A = Non-vault XP
 B = Vault XP
 C = Vault XP percentage of total XP
 D = Non-vault monster count
 E = Vault monster count
 F = Vault count percentage of total count
                 A         B        C        D         E       F
            +---------+---------+-------+---------+---------+-------
      Total |      36 |       7 |  16.3 |      15 |       4 |  21.1
            +---------+---------+-------+---------+---------+-------
        D:1 |      35 |       7 |  16.7 |      14 |       4 |  22.2
        D:2 |       1 |       0 |   0.0 |       1 |       0 |   0.0
            +---------+---------+-------+---------+---------+-------
